 Dungeon Sprint DCSS version 0.30.1-11-g7821555f0a (webtiles) character file.

Game seed: 2994598343619498030

147 Groucho the Summoner (level 5, -3/42 HPs)
             Began as a Deep Elf Summoner on Jan 6, 2024.
             Succumbed to a water moccasin's poison
             ... in the Dungeon (Sprint IX: "|||||||||||||||||||||||||||||").
             The game lasted 00:02:07 (584 turns).

Groucho the Summoner (Deep Elf Summoner)             Turns: 584, Time: 00:02:07

Health: -3/42      AC:  2    Str:  5    XL:     5   Next: 8%
Magic:  2/17       EV: 12    Int: 22    God:
Gold:   0          SH:  0    Dex: 15    Spells: 19/20 levels left

rFire   . . .        (no weapon)
rCold   . . .        (no shield)
rNeg    . . .        a - +0 robe
rPois   .            (no helmet)
rElec   .            (no cloak)
rCorr   .            (no gloves)
SInv    .            (no boots)
Will    .....        (no amulet) Stlth
                     (no ring)
HPRegen 0.27/turn    (no ring)
MPRegen 0.15/turn

%: no teleportation
@: berserking (expiring), lethally poisoned (-3 -> -31), very quick
A: no striking features
a: no special abilities


You were in the Dungeon.
You visited 1 branch

Inventory:

Armour
 a - a +0 robe (worn)
Scrolls
 g - a scroll of blinking
Potions
 b - 2 potions of magic
 c - a potion of curing
 d - a potion of heal wounds
 e - a potion of haste


   Skills:
 - Level 2.5 Dodging
 - Level 2.5 Stealth
 + Level 8.1 Spellcasting
 * Level 10.2 Summonings


You had 19 spell levels left.
You knew the following spells:

 Your Spells              Type           Power      Damage    Failure   Level
a - Summon Small Mammal   Summ           100%       N/A       1%          1

Your spell library contained the following spells:

 Spells                   Type           Power      Damage    Failure   Level
 Call Imp                 Summ           100%       N/A       1%          2
 Call Canine Familiar     Summ           52%        N/A       1%          3
 Summon Guardian Golem    Hex/Summ       31%        N/A       2%          3
 Summon Lightning Spire   Summ/Air       31%        N/A       9%          4


Dungeon Overview and Level Annotations

Branches:
Dungeon (1/1)

Altars:


Message History

You feel very sick. The scorpion stings you.
You hit the scorpion.
The scorpion is almost dead.
You feel sick. The scorpion barely misses you.
You hit the scorpion.
You kill the scorpion!
You feel sick.
Your Spellcasting skill gained 2 levels and is now at level 8!
Your Summonings skill increases to level 10!
You have reached level 5!
You closely miss the water moccasin.
You feel sick. The water moccasin closely misses you.
Unknown command.
You punch the water moccasin!
The water moccasin is moderately wounded.
You feel sick. The water moccasin misses you.
You barely miss the water moccasin.
The water moccasin is moderately wounded.
You feel sick. The water moccasin misses you.
You barely miss the water moccasin.
The water moccasin is moderately wounded.
The water moccasin bites you.
You completely miss the water moccasin.
The water moccasin is moderately wounded.
You feel sick. The water moccasin bites you.
You are more poisoned.
The water moccasin poisons you!
You miss the water moccasin.
The water moccasin is moderately wounded.
* * * LOW HITPOINT WARNING * * *
You feel sick. The water moccasin bites you!
* * * LOW HITPOINT WARNING * * *
You are more poisoned.
The water moccasin poisons you!
Unknown command.
Unknown command.
You barely miss the water moccasin.
The water moccasin is moderately wounded.
You die... ▓▓▓▓▓▓▓▓▓▓▓▓▓▓▓▓▓▓ ▓@SSS'.....'S..S.+ ▓▓▓▓▓▓▓▓▓▓▓▓▓▓▓▓▓▓

You could see a water moccasin and 2 adders.

Vanquished Creatures
  A scorpion (D)
1 creature vanquished.

Vanquished Creatures (collateral kills)
  An ogre (D)
  3 endoplasms (D)
  A quokka (D)
  A rat (D)
6 creatures vanquished.

Grand Total: 7 creatures vanquished

Notes
Turn   | Place    | Note
-------+----------+-------------------------------------------
     0 | D        | Groucho the Deep Elf Summoner began the quest for the Orb.
     0 | D        | Reached XP level 1. HP: 10/10 MP: 6/6
    41 | D        | Reached skill level 5 in Summonings
   518 | D        | Noticed an ogre
   518 | D        | Noticed a scorpion
   518 | D        | Noticed a water moccasin
   560 | D        | Killed an ogre
   561 | D        | Reached skill level 9 in Summonings
   561 | D        | Reached XP level 2. HP: 15/15 MP: 4/11
   561 | D        | Reached XP level 3. HP: 19/19 MP: 4/13
   561 | D        | Reached XP level 4. HP: 24/24 MP: 4/14
   577 | D        | Killed a scorpion
   578 | D        | Reached skill level 10 in Summonings
   578 | D        | Reached XP level 5. HP: 27/28 MP: 2/17
   583 | D        | HP: 2/42 [water moccasin (9)]
   584 | D        | Succumbed to a water moccasin's poison

Illustrated notes

Levels and vault maps discovered:
D:        linesprint [early_d, line_temple, items_1, d_10, items_2, lair_1,
          lair_end, items_3, orc_1, orc_end, items_4, d_15, swamp_1, shoals_1,
          snake_1, spider_1, d_20, vaults_1, items_5, swamp_end, shoals_end,
          snake_end, spider_end, vaults_end, d_27, items_6, zot_1, zot_end,
          crypt_end, forest_end, elf_end, slime_end, tomb_end, abyss_end,
          pan_hell_end]

Skill      XL: |  1  2  3  4 |
---------------+-------------+-----
Summonings     | 9 10 | 10.2
Spellcasting   | 6 8 |  8.1
Dodging        | |  2.5
Stealth        | |  2.5

Action                     |  1- 3 |  4- 6 || total
---------------------------+-------+-------++-------
  Melee: Unarmed           |       |    13 ||    13
   Cast: Summon Small Mamm |    24 |     4 ||    28
    Use: Potion            |     1 |     1 ||     2
  Dodge: Dodged            |       |     6 ||     6
